 Dungeon Sprint DCSS version 0.29-a0-96-g93358da72b (webtiles) character file.

Game seed: 13562869000138598652

252 mhtbhm the Cudgeller (level 5, -6/91 HPs)
             Began as a Troll Berserker on Feb 13, 2022.
             Was an Elder of Trog.
             Mangled by a two-headed ogre (27 damage)
             ... in the Dungeon (Sprint IX: "|||||||||||||||||||||||||||||").
             The game lasted 00:00:39 (283 turns).

mhtbhm the Cudgeller (Troll Berserker)               Turns: 283, Time: 00:00:40

Health: -6/91      AC:  4    Str: 30    XL:     5   Next: 89%
Magic:  4/4        EV: 12    Int:  3    God:    Trog [****..]
Gold:   0          SH:  0    Dex: 12    Spells: 4/4 levels left

rFire   . . .      SeeInvis .   a - +2 morningstar (vorpal)
rCold   . . .      Faith    .   (no shield)
rNeg    . . .      Spirit   .   b - +0 animal skin
rPois   .          Reflect  .   (helmet restricted)
rElec   .          Harm     .   (no cloak)
rCorr   .          Rampage  .   (gloves unavailable)
Will    .....      NoTele   +   (boots unavailable)
Stlth   ..........              (no amulet)
HPRegen 1.05/turn               l - +3 ring of strength
MPRegen 0.09/turn               k - +3 ring of dexterity

@: berserking, lethally poisoned (-6 -> -6), slowed
A: large, unfitting armour, claws 3, regeneration 1, shaggy fur 1, tough skin 1
a: Renounce Religion, Berserk, Trog's Hand, Brothers in Arms


You were in the Dungeon.
You worshipped Trog.
Trog was greatly pleased with you.
You visited 1 branch

Inventory:

Hand Weapons
 a - a +2 vorpal morningstar (weapon)
Armour
 b - a +0 animal skin (worn)
Jewellery
 k - a +3 ring of dexterity (right claw)
 l - a +3 ring of strength (left claw)
Wands
 j - a wand of acid (10)
Scrolls
 h - 2 scrolls of blinking
Potions
 c - 5 potions of curing
 d - 3 potions of heal wounds
 e - a potion of haste
 f - 4 potions of magic
 g - a potion of berserk rage
 i - a potion of invisibility


   Skills:
 + Level 6.4 Fighting
 + Level 7.1 Maces & Flails
 + Level 6.2 Dodging


You had 4 spell levels left.
You didn't know any spells.
Your spell library was empty.

Dungeon Overview and Level Annotations

Branches:
Dungeon (1/1)

Altars:
Cheibriados
Dithmenos
Elyvilon
Fedhas
Gozag
Hepliaklqana
Kikubaaqudgha
Makhleb
Nemelex Xobeh
Okawaru
Qazlal
Ru
Sif Muna
Trog
Uskayaw
Vehumet
Wu Jian
Xom
Yredelemnul
Zin
The Shining One
Beogh
Jiyva
Lugonu


Innate Abilities, Weirdness & Mutations

You are too large for most types of armour.
You have claws for hands.
Your natural rate of healing is unusually fast.
You are covered in fur. (AC +1)
You have tough skin. (AC +1)


Message History

The kobold brigand throws a curare-tipped dart.
The curare-tipped dart hits you.
You are poisoned.
You have difficulty breathing.
You feel yourself slow down.
A red film seems to cover your vision as you go berserk!
You feel yourself moving faster!
You feel mighty!
You feel very sick. The kobold brigand closely misses you.
You barely miss the kobold brigand.
You feel very sick.
The kobold brigand hits you but does no damage.
You sock the kobold brigand!
The kobold brigand is severely wounded.
You feel sick.
The kobold brigand hits you with a +0 short sword.
You puncture the kobold brigand!
The kobold brigand is almost dead.
You feel sick. The kobold brigand closely misses you.
You bludgeon the kobold brigand!!
You feel the power of Trog in you as your rage grows.
You kill the kobold brigand!
Trog accepts your kill.
You can now call in reinforcements.
You feel sick.
Your Fighting skill increases to level 6!
Your Maces & Flails skill increases to level 7!
Your Dodging skill increases to level 6!
Unknown command.
Unknown command.
You barely miss the two-headed ogre.
You feel sick.
The two-headed ogre hits you with a +0 giant club!! x2
* * * LOW HITPOINT WARNING * * *
You puncture the two-headed ogre!
The two-headed ogre is moderately wounded.
You feel sick. The two-headed ogre closely misses you.
The two-headed ogre misses you.
You bludgeon the two-headed ogre!!
The two-headed ogre is almost dead.
You feel sick.
The two-headed ogre hits you with a +0 giant club!!
You die... ▓▓▓▓▓▓▓▓▓▓▓▓▓▓▓▓▓▓▓▓▓▓▓▓ _______'.?).[[[.@OcYWZ.. ▓▓▓▓▓▓▓▓▓▓▓▓▓▓▓▓▓▓▓▓▓▓▓▓

You could see a two-headed ogre, a yak, a wraith, a centaur and a quokka zombie.

Vanquished Creatures
  2 ogres (D)
  A kobold brigand (D)
  An ufetubus (D)
  A worm (D)
  2 hobgoblins (D)
  A kobold (D)
  A ball python skeleton (D)
  2 rats (D)
11 creatures vanquished.

Notes
Turn   | Place    | Note
-------+----------+-------------------------------------------
     0 | D        | mhtbhm the Troll Berserker began the quest for the Orb.
     0 | D        | Reached XP level 1. HP: 22/22 MP: 0/0
     8 | D        | Reached skill level 3 in Maces & Flails
    10 | D        | Reached ** piety under Trog
   123 | D        | Noticed an ogre
   123 | D        | Noticed an ogre
   127 | D        | Reached XP level 2. HP: 31/31 MP: 1/1
   131 | D        | Killed an ogre
   131 | D        | Reached *** piety under Trog
   132 | D        | Reached skill level 5 in Maces & Flails
   132 | D        | Reached XP level 3. HP: 41/41 MP: 2/2
   132 | D        | Reached XP level 4. HP: 49/49 MP: 3/3
   137 | D        | Killed an ogre
   138 | D        | Reached skill level 5 in Fighting
   138 | D        | Reached skill level 6 in Maces & Flails
   138 | D        | Reached skill level 5 in Dodging
   138 | D        | Reached XP level 5. HP: 59/59 MP: 4/4
   190 | D        | Found a snail-covered altar of Cheibriados.
   190 | D        | Found a shadowy altar of Dithmenos.
   190 | D        | Found a white marble altar of Elyvilon.
   190 | D        | Found a blossoming altar of Fedhas.
   190 | D        | Found an opulent altar of Gozag.
   191 | D        | Found a hazy altar of Hepliaklqana.
   192 | D        | Found a viscous altar of Jiyva.
   197 | D        | Found an ancient bone altar of Kikubaaqudgha.
   198 | D        | Found a corrupted altar of Lugonu.
   199 | D        | Found a burning altar of Makhleb.
   200 | D        | Found a sparkling altar of Nemelex Xobeh.
   201 | D        | Found an iron altar of Okawaru.
   202 | D        | Found a stormy altar of Qazlal.
   203 | D        | Found a sacrificial altar of Ru.
   204 | D        | Found a shimmering blue altar of Sif Muna.
   205 | D        | Found a bloodstained altar of Trog.
   240 | D        | Found a hide-covered altar of Uskayaw.
   241 | D        | Found a radiant altar of Vehumet.
   242 | D        | Found an ornate altar of the Wu Jian Council.
   243 | D        | Found a shimmering altar of Xom.
   244 | D        | Found a basalt altar of Yredelemnul.
   245 | D        | Found a glowing silver altar of Zin.
   246 | D        | Found a glowing golden altar of the Shining One.
   275 | D        | Noticed a centaur
   275 | D        | Noticed a two-headed ogre
   275 | D        | Noticed a yak
   275 | D        | Noticed a wraith
   280 | D        | Reached **** piety under Trog
   281 | D        | Reached skill level 7 in Maces & Flails
   283 | D        | Mangled by a two-headed ogre

Illustrated notes

Levels and vault maps discovered:
D:        linesprint [early_d, line_temple, items_1, d_10, items_2, lair_1,
          lair_end, items_3, orc_1, orc_end, items_4, d_15, swamp_1, shoals_1,
          snake_1, spider_1, d_20, vaults_1, items_5, swamp_end, shoals_end,
          snake_end, spider_end, vaults_end, d_27, items_6, zot_1, zot_end,
          crypt_end, forest_end, elf_end, slime_end, tomb_end, abyss_end,
          pan_hell_end]

Skill      XL: |  1  2  3  4  5 |
---------------+----------------+-----
Maces & Flails | 3 5 6 7 |  7.1
Fighting       | 3 4 5 6 |  6.4
Dodging        | 3 4 5 6 |  6.2

Action                   |  1- 3 |  4- 6 || total
-------------------------+-------+-------++-------
Melee: Mace              |    20 |    13 ||    33
       Morningstar       |       |     7 ||     7
Invok: Berserk           |     1 |     1 ||     2
Armor: Animal skin       |     8 |     3 ||    11
Dodge: Dodged            |     9 |     7 ||    16

Table legend: (Time is in decaauts)
 A = Elapsed time spent in this place.
 B = Non-inter-level travel time spent in this place.
 C = Inter-level travel time spent in this place.
 D = Time resting spent in this place.
 E = Time spent auto-exploring this place.
 F = Levels seen in this place.
 G = Mean time per level.
                   A        B        C        D        E       F      G
               +--------+--------+--------+--------+--------+-----+--------+
         Total |    295 |    295 |      0 |    147 |      3 |   1 |  295.0 |
       Dungeon |    295 |    295 |      0 |    147 |      3 |   1 |  295.0 |
               +--------+--------+--------+--------+--------+-----+--------+

Top non-repeatable levels by time:
       D: 295 daAuts
